 Dungeon Crawl Stone Soup version 0.31.0-9-g3a7656b989 (webtiles) character file.

Game seed: 8024541409998135111

1107 qw the Nimble (level 8, -4/39 HPs)
             Began as a Spriggan Hunter on Feb 2, 2024.
             Was an Initiate of Okawaru.
             Slain by Duvessa
             ... wielding a +0 short sword
              (16 damage)
             ... on level 4 of the Dungeon.
             The game lasted 00:00:20 (2940 turns).

qw the Nimble (Spriggan Hunter)                     Turns: 2940, Time: 00:00:21

Health: -4/39      AC:  5    Str:  7    XL:     8   Next: 11%
Magic:  6/9        EV: 30    Int: 10    God:    Okawaru [......]
Gold:   229        SH:  0    Dex: 21    Spells: 7/7 levels left

rFire   . . .        a - +0 shortbow
rCold   . . .        (shield currently unavailable)
rNeg    . . .        c - +0 robe
rPois   .            (helmet restricted)
rElec   .            b - +2 cloak
rCorr   .            (gloves unavailable)
SInv    +            (boots unavailable)
Will    +....        (no amulet)
Stlth   ++++         (no ring)
HPRegen 0.26/turn    (no ring)
MPRegen 0.11/turn

%: no passive effects
@: heroic, very quick
A: very small, no large weapons, unfitting armour, see invisible, speed 3
a: Renounce Religion


You were on level 4 of the Dungeon.
You worshipped Okawaru.
Okawaru was noncommittal.
You visited 2 branches of the dungeon, and saw 6 of its levels.
You also visited: Ossuary.

You collected 229 gold pieces.


Innate Abilities, Weirdness & Mutations

You are very small and have problems with some larger weapons.
You are too small for most types of armour.
You have supernaturally acute eyesight. (SInv)
You cover ground extremely quickly. (Speed+++)


   Skills:
 + Level 2.0(7.0) Fighting
 - Level 8.0(13.0) Ranged Weapons
 - Level 8.9(13.9) Dodging
 - Level 1.5(6.5) Stealth


You had 7 spell levels left.
You didn't know any spells.
Your spell library was empty.

Inventory:

Hand Weapons
 a - a +0 shortbow (weapon)
Armour
 b - a +2 cloak (worn)
 c - a +0 robe (worn)
 d - the +2 robe of Morality {Harm rPois Str+3}
   (You acquired it on level 5 of the Dungeon)

   Str+3:     It affects your strength (+3).
   rPois:     It protects you from poison Harm: It increases damage dealt and
   taken.
Wands
 m - a wand of flame (32)
Potions
 e - a potion of haste {unknown}
 f - 2 potions of heal wounds
 h - a potion of degeneration {unknown}
 i - a potion of lignification {unknown}
 j - a potion of curing {unknown}
 k - a potion of might {unknown}
 l - a potion of mutation {unknown}

Dungeon Overview and Level Annotations

Branches:
Dungeon (5/15)             Temple (1/1) D:4         Ossuary (visited)

Altars:
Ashenzari
Cheibriados
Dithmenos
Gozag
Hepliaklqana
Kikubaaqudgha
Nemelex Xobeh
Okawaru
Qazlal
Ru
Sif Muna
Vehumet
Wu Jian
Yredelemnul
Zin

Annotations:
D:4 Duvessa


Message History

Duvessa is moderately wounded.
Duvessa barely misses you.
You shoot an arrow.
The arrow hits Duvessa but does no damage.
Duvessa is moderately wounded.
Duvessa closely misses you.
You shoot an arrow.
The arrow hits Duvessa but does no damage.
Duvessa is moderately wounded.
Duvessa closely misses you.
You shoot an arrow.
The arrow hits Duvessa but does no damage.
Duvessa is moderately wounded.
Duvessa misses you.
You shoot an arrow. The arrow hits Duvessa.
Duvessa is moderately wounded.
Duvessa closely misses you. Duvessa completely misses you.
You shoot an arrow. The arrow barely misses Duvessa.
Duvessa misses you.
You shoot an arrow. The arrow closely misses Duvessa.
You feel like a meek peon again. Duvessa hits you with a +0 short sword!
2935 ||| INVOKING Heroism.
You gain the combat prowess of a mighty hero.
You can no longer gain great but temporary skills.
Duvessa completely misses you.
You shoot an arrow. The arrow hits Duvessa.
Duvessa is moderately wounded.
Duvessa closely misses you.
You shoot an arrow.
The arrow hits Duvessa but does no damage.
Duvessa is moderately wounded.
Duvessa misses you.
You shoot an arrow. The arrow closely misses Duvessa.
Duvessa completely misses you.
You shoot an arrow. The arrow barely misses Duvessa.
Duvessa hits you with a +0 short sword!
You shoot an arrow. The arrow closely misses Duvessa.
Duvessa hits you with a +0 short sword!
You die...

#.....##....#.....#..#
...}........#.......###
##...###....).....##...
.#...#..)...#....###...
.#.>.#......#........#.
.#...#......#......###
##...###.##...##.#..###
...}..)).......#......#.
#.....##...##..e@.......
##...##.######..........
###.###.######..........
#.# #...#.#...#.......
..# ##................
##..# #..###...........
...## ###...#...........
<#. #.................
########..##......#...


You could see Duvessa (berserk).

Vanquished Creatures
  Grinder (D:4)
  Sigmund (D:3)
  An ogre (D:5)
  2 phantoms (D:4)
  Dowan (D:4)
  A centaur zombie (Ossuary)
  An orc priest (D:4)
  A sleepcap (D:4)
  Ijyb (D:4)
  Natasha (twice) (D:4)
  2 orc wizards
  7 hound zombies (Ossuary)
  Robin (D:3)
  An adder (D:2)
  3 adder zombies (Ossuary)
  2 ribbon worms (D:3)
  2 dart slugs
  18 orcs
  2 ball pythons
  5 bats
  10 endoplasms
  9 giant cockroaches
  A gnoll zombie (Ossuary)
  12 hobgoblins
  8 jackals (D:1)
  2 quokkas
  2 frilled lizards
  19 goblins
  A jackal zombie (Ossuary)
  5 kobolds
  7 orc zombies (Ossuary)
  3 rats
134 creatures vanquished.

Notes
Turn   | Place    | Note
-------+----------+-------------------------------------------
     0 | D:1      | qw the Spriggan Hunter began the quest for the Orb.
     0 | D:1      | Reached XP level 1. HP: 10/10 MP: 2/2
     0 | D:1      | 0 ||| qw: Version: 0.3-a-155-g5e7d8dd
     0 | D:1      | 0 ||| qw: Game counter: 2472
     0 | D:1      | 0 ||| qw: Melee chars always use a shield: true
     0 | D:1      | 0 ||| qw: God list: Okawaru
     0 | D:1      | 0 ||| qw: Allow faded altars: false
     0 | D:1      | 0 ||| qw: Do Orc after clearing Dungeon:15 true
     0 | D:1      | 0 ||| qw: Do second Lair branch before Depths: true
     0 | D:1      | 0 ||| qw: Lair rune preference: random
     0 | D:1      | 0 ||| qw: Goals: Normal
     0 | D:1      | 0 ||| PLANNING D:1-11
    38 | D:1      | Reached skill level 3 in Dodging
    73 | D:1      | Reached XP level 2. HP: 13/14 MP: 3/3
   273 | D:1      | Reached XP level 3. HP: 18/18 MP: 4/4
   524 | D:1      | 524 ||| DROPPING scarf of shadows.
   525 | D:1      | 525 ||| READING scroll labelled TIADUNW EMEFI.
   526 | D:1      | 526 ||| READING 2 scrolls labelled EBIHUXT VITOSU.
   530 | D:1      | 530 ||| READING scroll labelled VUSOSE NUXTU.
   531 | D:1      | 531 ||| READING scroll labelled GACHUJU XAVIKY.
   632 | D:1      | 632 ||| DROPPING scroll of butterflies.
   965 | D:2      | Reached XP level 4. HP: 22/22 MP: 5/5
  1080 | D:2      | Found a faded altar of an unknown god.
  1080 | D:2      | Noticed a hell beast
  1209 | D:2      | 1209 ||| UPGRADING to +1 cloak.
  1214 | D:2      | 1214 ||| READING scroll labelled CAAHUYC DYUSOU.
  1215 | D:2      | 1215 ||| READING scroll labelled HAR VOILIFYOKH.
  1216 | D:2      | 1216 ||| DRINKING 3 glowing clear potions.
  1256 | D:3      | Noticed Robin
  1270 | D:3      | Killed Robin
  1373 | D:3      | Reached XP level 5. HP: 26/26 MP: 6/6
  1510 | D:3      | You fall into a shaft and drop 2 floors!
  1510 | D:5      | Entered Level 5 of the Dungeon
  1511 | D:5      | 1511 ||| PLANNING OSSUARY
  1520 | D:5      | Noticed an ogre
  1528 | D:5      | Killed an ogre
  1529 | D:5      | Reached skill level 6 in Ranged Weapons
  1616 | D:5      | Found a sand-covered staircase.
  1617 | D:5      | 1617 ||| READING scroll labelled EJOIBI PUNWI.
  1618 | D:5      | 1618 ||| READING scroll labelled JUCRODOLAEL.
  1618 | D:5      | Identified a scroll of acquirement
  1618 | D:5      | 1618 ||| ACQUIRING +2 robe of Morality {Harm rPois Str+3}
  1618 | D:5      | Acquired the +2 robe of Morality {Harm rPois Str+3}
  1620 | D:5      | 1620 ||| READING scroll labelled DEABLO REFFUHATWE.
  1620 | D:5      | 1620 ||| ENCHANTING +1 cloak.
  1624 | Ossuary  | Entered an ossuary
  1645 | Ossuary  | Reached XP level 6. HP: 30/30 MP: 7/7
  1677 | Ossuary  | Reached skill level 6 in Dodging
  1783 | D:5      | 1783 ||| PLANNING D:1-11
  1818 | D:3      | Noticed Sigmund
  1834 | D:3      | Killed Sigmund
  1835 | D:3      | Reached XP level 7. HP: 22/35 MP: 8/8
  1988 | D:3      | Found a shadowy altar of Dithmenos.
  2196 | D:4      | Found a staircase to the Ecumenical Temple.
  2198 | D:4      | 2198 ||| PLANNING TEMPLE
  2252 | Temple   | Entered the Ecumenical Temple
  2253 | Temple   | 2253 ||| PLANNING OKAWARU WORSHIP
  2259 | Temple   | Became a worshipper of Warmaster Okawaru
  2260 | Temple   | 2260 ||| PLANNING D:1-11
  2332 | D:4      | Noticed Ijyb
  2337 | D:4      | Killed Ijyb
  2360 | D:4      | Noticed Dowan
  2365 | D:4      | Killed Dowan
  2366 | D:4      | Noticed Duvessa
  2376 | D:4      | HP: 8/35 [Duvessa/+0 short sword (16)]
  2377 | D:4      | 2377 ||| READING scroll of teleportation.
  2378 | D:4      | 2378 ||| DRINKING 3 potions of heal wounds.
  2460 | D:4      | 2460 ||| FLEEEEING.
  2461 | D:4      | 2461 ||| FLEEEEING.
  2462 | D:4      | 2462 ||| FLEEEEING.
  2463 | D:4      | 2463 ||| FLEEEEING.
  2464 | D:4      | 2464 ||| FLEEEEING.
  2555 | D:4      | Noticed Natasha
  2560 | D:4      | Killed Natasha
  2709 | D:4      | Noticed Natasha
  2717 | D:4      | Killed Natasha
  2778 | D:4      | Noticed Grinder
  2779 | D:4      | 2779 ||| FLEEEEING.
  2781 | D:4      | 2781 ||| FLEEEEING.
  2804 | D:4      | Killed Grinder
  2804 | D:4      | Reached * piety under Okawaru
  2805 | D:4      | Reached XP level 8. HP: 16/39 MP: 9/9
  2916 | D:4      | 2916 ||| INVOKING Heroism.
  2920 | D:4      | 2920 ||| INVOKING Heroism.
  2921 | D:4      | 2921 ||| INVOKING Heroism.
  2935 | D:4      | 2935 ||| INVOKING Heroism.
  2940 | D:4      | Slain by Duvessa

Levels and vault maps discovered:
D:1:      ncdulo_smallfort, layout_rooms
D:2:      layout_loops_ring, dreamdust_ecumenical_altar_sealed_demon
D:3:      layout_rooms, nicolae_dithmenos_shadow_blocks, uniq_robin,
          uniq_sigmund
D:4:      minmay_angry_zag, layout_cave_pools, minmay_temple_entry_offerings,
          grunt_ministairs_15, uniq_ijyb, uniq_grinder, uniq_duvessa,
          uniq_natasha
D:5:      layout_basic, enter_ossuary_5, serial_bayou_crossing
Temple:   eino_temple_lava

Skill      XL: |  1  2  3  4  5  6  7 |
---------------+----------------------+-----
Dodging        | 3 4 5 6 8 |  8.9
Ranged Weapons | 5 6 7 8 |  8.0
Fighting       | 2 |  2.0
Stealth        | |  1.5

Action                     |  1- 3 |  4- 6 |  7- 9 || total
---------------------------+-------+-------+-------++-------
   Fire: Shortbow          |   122 |   208 |   172 ||   502
 Invoke: Heroism           |       |       |     2 ||     2
    Use: Scroll            |     4 |     5 |     1 ||    10
         Potion            |       |     1 |     1 ||     2
 Armour: Robe              |     9 |    49 |    23 ||    81
  Dodge: Dodged            |    46 |   200 |    78 ||   324

Table legend:
 A = Non-vault XP
 B = Vault XP
 C = Vault XP percentage of total XP
 D = Non-vault monster count
 E = Vault monster count
 F = Vault count percentage of total count
                 A         B        C        D         E       F
            +---------+---------+-------+---------+---------+-------
      Total |     553 |    1029 |  65.0 |      90 |      44 |  32.8
            +---------+---------+-------+---------+---------+-------
        D:1 |      58 |       0 |   0.0 |      31 |       0 |   0.0
        D:2 |      46 |       0 |   0.0 |      19 |       0 |   0.0
        D:3 |      78 |     252 |  76.4 |      17 |      14 |  45.2
        D:4 |     219 |     562 |  72.0 |      19 |      10 |  34.5
        D:5 |     152 |       0 |   0.0 |       4 |       0 |   0.0
    Ossuary |       0 |     215 | 100.0 |       0 |      20 | 100.0
            +---------+---------+-------+---------+---------+-------
